 Dungeon Crawl Stone Soup version 0.31-a0-609-g7bf6ffcfed (webtiles) character file.

Game seed: 9870387544239210729

6202 Fodor the Spear-Bearer (level 10, -3/88 HPs)
             Began as a Minotaur Fighter on Aug 21, 2023.
             Was an Initiate of Gozag.
             Slain by a minotaur (12 damage)
             ... in a bailey.
             The game lasted 00:44:56 (10585 turns).

Fodor the Spear-Bearer (Minotaur Fighter)          Turns: 10585, Time: 00:44:58

Health: -3/88      AC: 18    Str: 25    XL:     10   Next: 61%
Magic:  9/9        EV:  9    Int:  5    God:    Gozag
Gold:   912        SH:  5    Dex: 10    Spells: 9/9 levels left

rFire   . . .        z - +7 trident of Noguxkew {drain, rElec}
rCold   + . .        c - +0 buckler
rNeg    . . .        H - +3 chain mail {rC+}
rPois   +            v - +1 hat
rElec   +            (no cloak)
rCorr   .            q - +1 pair of gloves
SInv    .            (no boots)
Will    .....        (no amulet) Stlth
                     E - ring of poison resistance
HPRegen 0.34/turn    (no ring)
MPRegen 0.11/turn

%: no passive effects
@: no status effects
A: horns 2, retaliatory headbutt
a: Renounce Religion, Potion Petition, Call Merchant, Bribe Branch


You were in a bailey.
You worshipped Gozag.
Gozag was pleased with you.
You visited 2 branches of the dungeon, and saw 10 of its levels.
You also visited: Bailey.

You collected 1088 gold pieces.
You spent 90 gold pieces at shops.
You paid 86 gold pieces to Gozag.

Inventory:

Hand Weapons
 j - a +4 whip
 x - a +1 war axe of draining
 y - a +3 shortbow of draining
 z - the +7 trident of Noguxkew (weapon) {drain, rElec}
   (You found it on level 4 of the Dungeon)

   rElec:     It insulates you from electricity.
 N - a +0 shortbow
 P - a +3 vampiric trident
Missiles
 D - 3 javelins
 I - 7 poisoned darts
 J - a curare-tipped dart
Armour
 c - a +0 buckler (worn)
 q - a +1 pair of gloves (worn)
 v - a +1 hat (worn)
 H - a +3 chain mail of cold resistance (worn)
Jewellery
 E - a ring of poison resistance (left hand)
Wands
 b - a wand of light (3)
 o - a wand of polymorph (27)
 u - a wand of roots (8)
 w - a wand of flame (42)
 O - a wand of paralysis (11)
Scrolls
 a - a scroll of vulnerability {unknown}
 f - 8 scrolls of identify {unknown}
 g - 3 scrolls of summoning {unknown}
 h - 2 scrolls of noise {unknown}
 i - 2 scrolls of enchant weapon {unknown}
 k - 6 scrolls of fog {unknown}
 m - a scroll of blinking {unknown}
 p - 2 scrolls of immolation {unknown}
 r - a scroll of revelation {unknown}
 A - a scroll of enchant armour {unknown}
 B - 3 scrolls of poison {unknown}
 C - 2 scrolls of brand weapon {unknown}
 G - 3 scrolls of teleportation {unknown}
 K - a scroll of fear {unknown}
 M - a scroll of acquirement {unknown}
Potions
 d - 2 potions of might
 e - 2 potions of enlightenment {unknown}
 l - 5 potions of haste
 n - a potion of degeneration {unknown}
 s - 2 potions of berserk rage {unknown}
 t - 3 potions of mutation {unknown}
 F - a potion of invisibility {unknown}
 L - a potion of cancellation {unknown}
 Q - a potion of lignification {unknown}
 R - a potion of magic {unknown}


   Skills:
 + Level 8.1 Fighting
 + Level 3.7 Long Blades
 + Level 2.6(8.0) Axes
 + Level 2.9(3.4) Maces & Flails
 + Level 11.3(11.4) Polearms
 + Level 1.0 Throwing
 + Level 9.9 Armour
 + Level 3.5 Dodging
 + Level 2.3 Stealth
 + Level 7.7 Shields


You had 9 spell levels left.
You didn't know any spells.
Your spell library contained the following spells:

 Spells                   Type           Power      Damage    Failure   Level
 Blink                    Tloc           0%         N/A       98%         2
 Lesser Beckoning         Tloc           0%         N/A       98%         2
 Momentum Strike          Conj/Tloc      0%         3d8       98%         2
 Gell's Gravitas          Tloc           0%         N/A       100%        3
 Summon Guardian Golem    Hex/Summ       0%         N/A       100%        3
 Teleport Other           Tloc           0%         N/A       100%        3
 Dispersal                Tloc           0%         N/A       100%        6
 Orb of Destruction       Conj           0%         9d5       100%        7
 Spellforged Servitor     Conj/Summ      0%         N/A       100%        7


Dungeon Overview and Level Annotations

Branches:
Dungeon (9/15)             Temple (1/1) D:6          Bailey (1/1)
   Lair: D:8-11         Orc: D:9-12

Altars:
Ashenzari
Cheibriados
Dithmenos
Elyvilon
Fedhas
Gozag
Hepliaklqana
Kikubaaqudgha
Makhleb
Nemelex Xobeh
Okawaru
Qazlal
Ru
Sif Muna
Trog
Uskayaw
Vehumet
Wu Jian
Xom
Yredelemnul
The Shining One

Shops:
D:5 (   D:6 (

Annotations:
D:3 2 transporters, Age's ghost, amateur MiFi


Innate Abilities, Weirdness & Mutations

You have a pair of horns on your head.
You reflexively headbutt those who attack you in melee.


Message History

The orc warlord is moderately wounded.
The orc warrior is no longer distracted by gold.
The goblin is no longer distracted by gold.
The orc warlord hits you with a +4 battleaxe.
You puncture the orc warlord! You headbutt the orc warlord.
The orc warlord is heavily wounded.
The orc warlord is distracted by your dazzling golden aura.
You barely miss the orc warlord.
The orc warlord is no longer distracted by gold.
The orc warlord shouts!
You headbutt the orc warlord.
The orc warlord is heavily wounded.
You hit the orc warlord but do no damage.
You drain the orc warlord.
The orc warlord is heavily wounded.
The orc warlord hits you with a +4 battleaxe!
You hit the orc warlord but do no damage.
The orc warlord is heavily wounded.
The orc warlord hits you with a +4 battleaxe!!
* * * LOW HITPOINT WARNING * * *
You hit the orc warlord but do no damage.
You drain the orc warlord.
The orc warlord is heavily wounded.
The orc warlord hits you with a +4 battleaxe!
* * * LOW HITPOINT WARNING * * *
You hit the orc warlord but do no damage.
You drain the orc warlord.
The orc warlord is heavily wounded.
Aiming: Polymorph
Press: ? - help, Shift-Dir - straight line, f - orc warlord
Aim: an orc warlord, wielding a +4 battleaxe and wearing a +0 plate armour (heavily wounded, lightly drained, will become a minotaur, an azure jelly, or a satyr, chance to affect: 31%)
The orc warlord evaporates and reforms as a minotaur!
The orc warrior no longer looks unusually strong.
You hit the minotaur. You drain the minotaur.
Your headbutt misses the minotaur.
The minotaur is severely wounded.
The orc warrior no longer looks unusually strong.
The minotaur hits you!
You die...
Your body crumbles into a pile of gold.

.........#...........#
)........#...........#
).......###.......))###
#.....###.###.....#)#.###
###.###
....###.###)....### ..###
......###.........## ...#
......##8..........# ...#
......o#8..........# ...#
.....ggH@....⌠....∩# ...#
.....og#8..........# ...#
......##8..........# ..##
...... ##.........## ###
....# ###.....### # #.##
#+#.### # ###


You could see a minotaur (drained), 2 orc warriors, a gnoll and 2 goblins.

Vanquished Creatures
  Erolcha (D:9)
  An orc knight (Bailey)
  A cyclops (D:9)
  Jeremiah (D:8)
  Maggie (D:9)
  A shadow (D:9)
  A wraith (D:6)
  A steam dragon (D:9)
  Edmund (D:4)
  Duvessa (D:4)
  3 water moccasins
  7 orc warriors
  A sky beast (D:6)
  2 black bears (D:6)
  An ice beast (D:5)
  2 centaurs
  2 ogres
  A phantom (D:5)
  A kobold brigand (D:7)
  3 bullfrogs
  4 scorpions
  5 wights (D:7)
  Dowan (D:4)
  2 howler monkeys
  2 gnoll boudas
  3 hounds
  2 jellies
  5 orc priests
  An iguana (D:6)
  5 orc wizards
  Ijyb (D:3)
  2 sleepcaps
  Natasha (D:3)
  13 gnolls
  9 adders
  2 river rats (D:4)
  3 ufetubi
  3 worms
  2 dart slugs (D:1)
  28 orcs
  3 ball pythons
  8 endoplasms
  4 giant cockroaches
  11 goblins
  13 hobgoblins
  2 jackals (D:2)
  6 kobolds
  10 quokkas
  4 bats
  4 frilled lizards
  4 rats
196 creatures vanquished.

Vanquished Creatures (others)
  A human (D:4)
1 creature vanquished.

Grand Total: 197 creatures vanquished

Notes
Turn   | Place    | Note
-------+----------+-------------------------------------------
     0 | D:1      | Fodor the Minotaur Fighter began the quest for the Orb.
     0 | D:1      | Reached XP level 1. HP: 19/19 MP: 0/0
   565 | D:1      | Reached XP level 2. HP: 27/27 MP: 1/1
  1674 | D:2      | Reached XP level 3. HP: 21/33 MP: 2/2
  2600 | D:2      | Noticed a great orb of eyes
  2603 | D:2      | Found a faded altar of an unknown god.
  2605 | D:2      | Noticed a shining eye
  2609 | D:2      | Reached XP level 4. HP: 40/40 MP: 3/3
  2609 | D:2      | Noticed a floating eye
  2609 | D:2      | Noticed an eye of devastation
  2912 | D:3      | Noticed Natasha
  2915 | D:3      | Noticed Age's ghost (amateur MiFi)
  2917 | D:3      | Killed Natasha
  2917 | D:3      | Noticed an ogre
  2918 | D:3      | Noticed an ogre
  2952 | D:3      | Reached skill level 1 in Maces & Flails
  3245 | D:3      | Reached XP level 5. HP: 43/46 MP: 4/4
  3715 | D:3      | Reached skill level 5 in Armour
  3803 | D:3      | Noticed Ijyb
  3807 | D:3      | Found a transporter.
  3825 | D:3      | Killed Ijyb
  3826 | D:3      | Found a transporter.
  3826 | D:3      | Noticed an ogre
  4307 | D:4      | Noticed an ogre
  4312 | D:4      | Killed an ogre
  4313 | D:4      | Reached skill level 1 in Dodging
  4313 | D:4      | Reached XP level 6. HP: 46/53 MP: 5/5
  4314 | D:4      | Found an ancient bone altar of Kikubaaqudgha.
  4316 | D:4      | Noticed a human
  4318 | D:4      | Killed a human
  4481 | D:4      | Identified the +7 trident of Noguxkew {drain, rElec}
  4490 | D:4      | Noticed Edmund
  4492 | D:4      | Noticed Dowan
  4492 | D:4      | Noticed Duvessa
  4502 | D:4      | Reached skill level 1 in Axes
  4503 | D:4      | Killed Edmund
  4506 | D:4      | Killed Dowan
  4510 | D:4      | Killed Duvessa
  4511 | D:4      | Reached XP level 7. HP: 11/59 MP: 6/6
  4512 | D:4      | Reached skill level 5 in Shields
  4512 | D:4      | HP: 3/60 [poisoned by an orc wizard]
  4513 | D:4      | HP: 1/60 [poisoned by an orc wizard]
  4746 | D:4      | Found a glowing drain.
  4895 | D:4      | Reached skill level 1 in Polearms
  5050 | D:5      | Entered Level 5 of the Dungeon
  5060 | D:5      | Reached skill level 5 in Fighting
  5193 | D:5      | Reached skill level 2 in Polearms
  5574 | D:5      | Reached skill level 3 in Polearms
  5651 | D:5      | Found Zocug's Weapon Emporium.
  5657 | D:5      | Reached XP level 8. HP: 66/68 MP: 7/7
  6411 | D:6      | Found a staircase to the Ecumenical Temple.
  6419 | D:6      | Reached skill level 4 in Polearms
  6424 | Temple   | Entered the Ecumenical Temple
  6459 | Temple   | Became a worshipper of Gozag Ym Sagoz the Greedy
  6698 | D:6      | Reached skill level 5 in Polearms
  6744 | D:6      | Reached skill level 1 in Throwing
  6744 | D:6      | Reached skill level 1 in Stealth
  6804 | D:6      | Reached skill level 6 in Polearms
  7122 | D:6      | Reached skill level 7 in Polearms
  7122 | D:6      | Reached XP level 9. HP: 53/75 MP: 8/8
  7349 | D:6      | Found Zuafetyu's Antique Weapon Shoppe.
  7354 | D:6      | Bought a glowing shortbow for 90 gold pieces
  7505 | D:7      | Reached skill level 8 in Polearms
  8865 | D:8      | Reached skill level 9 in Polearms
  9363 | D:8      | Noticed Jeremiah
  9489 | D:8      | Killed Jeremiah
  9767 | D:9      | Noticed Maggie
  9776 | D:9      | Killed Maggie
  9825 | D:9      | Noticed Erolcha
  9835 | D:9      | Killed Erolcha
  9836 | D:9      | Reached skill level 10 in Polearms
  9836 | D:9      | Reached XP level 10. HP: 79/86 MP: 9/9
 10012 | D:9      | Noticed a cyclops
 10030 | D:9      | Killed a cyclops
 10194 | D:9      | Found a flagged portal.
 10208 | Bailey   | Entered a bailey
 10300 | Bailey   | Noticed an orc knight
 10321 | Bailey   | Killed an orc knight
 10322 | Bailey   | Reached skill level 11 in Polearms
 10562 | Bailey   | Noticed an orc warlord
 10584 | Bailey   | an orc warlord changed into a minotaur
 10584 | Bailey   | Noticed a minotaur
 10585 | Bailey   | Slain by a minotaur

Illustrated notes

Levels and vault maps discovered:
D:1:      dpeg_arrival_circle_labyrinth_c, layout_basic, reono_crystal_passage
D:2:      layout_basic, hellmonk_ecumenical_altar_watching_god
D:3:      layout_basic, gammafunk_ghost_smash, grunt_ministairs_2, uniq_natasha,
          uniq_ijyb
D:4:      layout_gridville, tgw_kikubaaqudgha, gup_sewer_entry_bubbles,
          uniq_duvessa, uniq_edmund
D:5:      layout_cave_pods, serial_shops, nicolae_shop_statue_plus,
          corexii_leaking_fountain
D:6:      layout_loops_ring, minmay_temple_entry_tees, serial_shops, shop,
          minmay_puff
D:7:      layout_gridville
D:8:      layout_basic, kennysheep_decorative_pillar, uniq_jeremiah
D:9:      due_megacathedral, layout_cave_pools, enter_bailey_3, uniq_maggie,
          uniq_erolcha
Temple:   mainiacjoe_temple_big_plus
Bailey:   bailey_axe_minmay_hex_keep, bailey

Skill      XL: |  1  2  3  4  5  6  7  8  9 10 |
---------------+-------------------------------+-----
Armour         | 4 5 6 7 9 |  9.9
Fighting       | 4 5 6 7 8 |  8.1
Long Blades    | 3 |  3.7
Shields        | 4 5 6 7 |  7.7
Maces & Flails | 1 2 |  2.9
Dodging        | 1 2 3 |  3.5
Axes           | 2 |  2.6
Polearms       | 3 7 10 11 | 11.3
Throwing       | 1 |  1.0
Stealth        | 1 2 |  2.3

Action                     |  1- 3 |  4- 6 |  7- 9 | 10-12 || total
---------------------------+-------+-------+-------+-------++-------
  Melee: Long sword        |    22 |       |       |       ||    22
         Headbutt          |     9 |    18 |    41 |    30 ||    98
         Whip              |    40 |    83 |       |       ||   123
         War axe           |       |    29 |       |       ||    29
         Trident           |       |    12 |   227 |   148 ||   387
  Throw: Javelin           |       |       |     4 |       ||     4
  Evoke: Wand              |       |       |       |     1 ||     1
    Use: Potion            |       |     2 |     3 |       ||     5
   Stab: Distracted        |       |       |     1 |     1 ||     2
 Armour: Scale mail        |    36 |    65 |       |       ||   101
         Chain mail        |       |    30 |    85 |    59 ||   174
  Dodge: Dodged            |    39 |    73 |    96 |    51 ||   259
  Block: Buckler           |    14 |    37 |    52 |    43 ||   146

Table legend: (Time is in decaauts)
 A = Elapsed time spent in this place.
 B = Non-inter-level travel time spent in this place.
 C = Inter-level travel time spent in this place.
 D = Time resting spent in this place.
 E = Time spent auto-exploring this place.
 F = Levels seen in this place.
 G = Mean time per level.
                   A        B        C        D        E       F      G
               +--------+--------+--------+--------+--------+-----+--------+
         Total |  10608 |  10093 |    515 |   2365 |      0 |  11 |  964.4 |
       Dungeon |  10179 |   9664 |    515 |   2234 |      0 |   9 | 1131.0 |
        Temple |     72 |     72 |      0 |      0 |      0 |   1 |   72.0 |
        Bailey |    356 |    356 |      0 |    131 |      0 |   1 |  356.0 |
               +--------+--------+--------+--------+--------+-----+--------+

Top non-repeatable levels by time:
     D:1: 1552 daAuts
     D:7: 1402 daAuts
     D:2: 1370 daAuts
     D:5: 1346 daAuts
     D:3: 1225 daAuts
     D:6: 977 daAuts
     D:4: 971 daAuts
     D:8: 903 daAuts
     D:9: 430 daAuts
  Bailey: 356 daAuts
  Temple: 72 daAuts
